cohdb
Replays
Latest Replays
All Replays
Popular Replays
Top Player Replays
Match Explorer
How It Works
Community
CoH3 Stats
Reddit
Sign in to upload your games and track your stats! →
Sign in with Steam
Match 47235294
Unlisted
Match 47235294
Overview
Messages
Build Orders
End
Engineer Squad
Construct Barracks
Selects Heavy Weapons
Riflemen Squad
Riflemen Squad
Construct Weapon Support Center
M1919 Machine Gun Team
Infantry Support Center
Selects Assault Carriers
Construct Medical Station
M3 Assault Carrier
Selects Exchangeable Parts
Mortar Pit
Sniper
Construct Motor Pool
Selects M2HB .50cal Heavy Machine Gun
M1 Anti-tank Gun Team
Survival Training
Riflemen Squad
Quietus
큐티큐티킹왕짱
chiuchiu63333
The101stAirBorne ITA
GohanのFans
Boneless
0
0
Comments
sign in to comment!
No comments posted yet!